 Dungeon Crawl Stone Soup version 0.28.0-43-g3370ac3207 (webtiles) character file.

Game seed: 5261606841488279085

236 chromaticdragonking the Sneak (level 5, -3/28 HPs)
             Began as a Vampire Enchanter on Mar 30, 2022.
             Slain by Menkaure (10 damage)
             ... on level 4 of the Dungeon.
             The game lasted 00:06:31 (3526 turns).

chromaticdragonking the Sneak (Vampire Enchanter)   Turns: 3526, Time: 00:06:32

Health: -3/28      AC:  3    Str:  7    XL:     5   Next: 77%
Magic:  8/8        EV: 13    Int: 17    God:
Gold:   163        SH:  0    Dex: 17    Spells: 7/9 levels left

rFire   . . .      SeeInvis +   h - +1 dagger (venom)
rCold   + + .      Faith    .   (no shield)
rNeg    + + +      Spirit   .   b - +0 robe
rPois   ∞          Reflect  .   (no helmet)
rElec   .          Harm     .   (no cloak)
rCorr   .          Rampage  .   (no gloves)
Will    .....                   g - +0 pair of boots
Stlth   ++++++....              (no amulet)
HPRegen 0.00/turn               n - ring of wizardry
MPRegen 0.11/turn               (no ring)

@: bloodless, inhibited regen, invisible
A: bloodless, fangs 3, see invisible, vampiric 2
a: Bat Form, Revivify


You were on level 4 of the Dungeon.
You visited 1 branch of the dungeon, and saw 4 of its levels.

You collected 163 gold pieces.

Inventory:

Hand Weapons
 a - a +1 dagger
 h - a +1 dagger of venom (weapon)
Armour
 b - a +0 robe (worn)
 d - a +0 ring mail
 g - a +0 pair of boots (worn)
Jewellery
 n - a ring of wizardry (left hand)
Wands
 m - a wand of digging (8)
 r - a wand of paralysis (13)
Scrolls
 f - 2 scrolls of fog {unknown}
 j - 4 scrolls of identify {unknown}
 k - a scroll of fear {unknown}
 l - a scroll of amnesia {unknown}
 o - a scroll of brand weapon {unknown}
 p - a scroll of immolation {unknown}
Potions
 e - a potion of degeneration {unknown}
 i - a potion of heal wounds {unknown}
 q - a potion of curing {unknown}


   Skills:
 * Level 2.8 Short Blades
 + Level 2.4 Dodging
 * Level 7.9 Stealth
 + Level 2.5 Spellcasting
 + Level 5.2 Hexes
 + Level 0.5 Ice Magic


You had 7 spell levels left.
You knew the following spells:

 Your Spells              Type           Power      Damage    Failure   Level
a - Ensorcelled Hibernat  Hex/Ice        22%        N/A       3%          2

Your spell library contained the following spells:

 Spells                   Type           Power      Damage    Failure   Level
 Confusing Touch          Hex            20%        N/A       2%          3
 Tukima's Dance           Hex            20%        N/A       2%          3
 Dazzling Flash           Conj/Hex       22%        N/A       8%          3


Dungeon Overview and Level Annotations

Branches:
Dungeon (4/15)
 Temple: D:4-7

Altars:
Ashenzari

Shops:
D:1 !   D:3 [

Annotations:
D:4 Menkaure


Innate Abilities, Weirdness & Mutations

You do not regenerate when monsters are visible.
You are frail without blood (-20% HP).
You can heal yourself when you bite living creatures.
You are immune to poison.
You have razor-sharp teeth.
You have supernaturally acute eyesight. (SInv)
You are afflicted with vampirism and can become a bat while bloodless.


Message History

An endoplasm is nearby!
The helpless endoplasm fails to defend itself.
You stick the endoplasm like a pincushion!!!
You kill the endoplasm!
Found 17 stones.
You open the door.
A goblin comes into view. It is wielding a +0 dagger.
The goblin shouts!
The goblin misses you.
There is an open door here.
You hit the goblin.
The goblin is poisoned.
The goblin is severely wounded.
You kill the goblin!
Things that are here:
a +0 dagger; a goblin corpse
Found a spear.
You open the door.
There is an open door here.
You open the door.
Found a quarterstaff.
There is an open door here.
Found 17 stones.
You open the door.
There is an open door here.
Menkaure, Prince of Dust comes into view.
Menkaure shouts!
Casting: Ensorcelled Hibernation (safe; 3% risk of failure)
Confirm with . or Enter, or press ? or * to list all spells.
You can't see any susceptible monsters within range! (Use Z to cast anyway.) Unknown command.
You hit Menkaure but do no damage. You bite Menkaure.
Menkaure is lightly damaged.
Menkaure giggles, "These cerements are ticklish..."
Menkaure hits you!!
Ouch! That really hurt!
* * * LOW HITPOINT WARNING * * *
Okay, then.
You fade into invisibility!
Menkaure hits you!
You die...

#.....#...##..#
+..#(....#...##..#
#..#.....+....'..#
#..#.....#'####..#
#..#..........#..#
#..+..........#..#
#..#......)...#)..
#M##..........#...
###@#####'#.....#...
#.........#.....#..#
#.........#.....#
#.........#.....#
#.........# ....#
#.........# ...#
###########


You could see Menkaure.

Vanquished Creatures
  A centaur (D:3)
  A hound (D:3)
  5 adders
  4 dart slugs
  2 orcs (D:3)
  9 bats
  11 endoplasms
  4 giant cockroaches
  9 goblins
  3 hobgoblins
  2 jackals (D:1)
  3 quokkas
  5 ball pythons
  3 frilled lizards
  6 kobolds
  3 rats
71 creatures vanquished.

Notes
Turn   | Place    | Note
-------+----------+-------------------------------------------
     0 | D:1      | chromaticdragonking the Vampire Enchanter began the quest
                  | for the Orb.
     0 | D:1      | Reached XP level 1. HP: 13/13 MP: 3/3
   365 | D:1      | Reached skill level 5 in Stealth
   365 | D:1      | Reached XP level 2. HP: 5/15 MP: 5/5
   990 | D:1      | Found Tiyla's Distillery.
  1633 | D:2      | Learned a level 2 spell: Ensorcelled Hibernation
  1640 | D:2      | Gained mutation: You are afflicted with vampirism and can
                  | become a bat while bloodless. [Vampire growth]
  1640 | D:2      | Reached XP level 3. HP: 19/19 MP: 6/6
  2042 | D:2      | Reached skill level 6 in Stealth
  2302 | D:2      | Reached XP level 4. HP: 22/24 MP: 1/7
  2318 | D:2      | Reached skill level 5 in Hexes
  2586 | D:3      | Noticed a centaur
  2588 | D:3      | Killed a centaur
  2589 | D:3      | Reached XP level 5. HP: 28/28 MP: 8/8
  2618 | D:3      | Found Nitelet's Armour Emporium.
  2639 | D:3      | Reached skill level 7 in Stealth
  2740 | D:3      | Found a broken altar of Ashenzari.
  3296 | D:3      | Found a faded altar of an unknown god.
  3523 | D:4      | Noticed Menkaure
  3526 | D:4      | Slain by Menkaure

Illustrated notes

Levels and vault maps discovered:
D:1:      lemuel_arrival_muddy, layout_basic, serial_shops,
          nicolae_shop_crystal, serial_rivers, chequers_serial_rivers_marsh,
          chequers_serial_rivers_micro_e, chequers_serial_rivers_micro_b,
          chequers_serial_rivers_large_b
D:2:      layout_rooms, minivault_14, grunt_ministairs_4,
          kennysheep_generic_room_5
D:3:      layout_loops_cross, evilmike_ruin_ashenzari, serial_shops,
          nicolae_square_shop, nicolae_ecumenical_lake_church, roderic_batcave,
          minmay_misc_feat_rows
D:4:      layout_gridville, hangedman_decor_opposing, uniq_menkaure

Skill      XL: |  1  2  3  4  5 |
---------------+----------------+-----
Stealth        | 5 6 7 |  7.9
Hexes          | 5 |  5.2
Short Blades   | 2 |  2.8
Dodging        | |  2.4
Spellcasting   | |  2.5
Ice Magic      | |  0.5

Action                   |  1- 3 |  4- 6 || total
-------------------------+-------+-------++-------
Melee: Dagger            |    90 |    59 ||   149
       Bite              |     1 |     6 ||     7
 Cast: Ensorcelled Hiber |    16 |     5 ||    21
 Abil: Exsanguinate      |     1 |       ||     1
  Use: Potion            |       |     1 ||     1
 Stab: Sleeping          |    23 |    19 ||    42
       Distracted        |       |     1 ||     1
Armor: Robe              |    13 |    26 ||    39
Dodge: Dodged            |    56 |    47 ||   103
